Map: Orbital Shipyard

Players

wlfz

  • Race: Zerg Zerg
  • League: Master

MrRageQuit - Winner!

  • Race: Terran Terran
  • League: Diamond

VOD

Have the link to the VOD?

Description

Time

  • Played on: March 13, 2016, 9:31 a.m.
  • Length: 23:50
Show
View Real Time Build Order
Export as new Build Order

wlfz Zerg 

Build Orders: Hatch First, Lurkers 

Get SALT Encoding   

  12  0:03  Drone  
  13  0:14  Overlord  
  13  0:18  Drone  
  14  0:33  Drone  
  14  0:34  Drone  
  16  0:36  Drone  
  17  0:55  Hatchery  
  16  1:01  Drone x2  
  18  1:15  Extractor  
  18  1:16  Spawning Pool  
  16  1:19  Drone  
  16  1:21  Drone  
  18  1:30  Drone  
  19  1:52  Overlord  
  19  2:08  Queen x2  
  19  2:10  Zergling x2  
  19  2:11  Zergling x2  
  25  2:16  Metabolic Boost  
  25  2:20  Drone x3  
  28  2:25  Drone  
  29  2:44  Queen x2  
  33  2:51  Drone  
  33  2:53  Drone x2  
  33  2:54  Overlord  
  33  2:55  Drone  
  36  3:11  Overlord  
  36  3:12  Roach Warren  
  36  3:14  Drone  
  36  3:15  Drone  
  37  3:37  Drone x5, Hatchery  
  41  3:42  Drone x2  
  41  3:43  Drone  
  44  3:52  Lair  
  44  3:54  Drone x2  
  46  4:10  Extractor  
  46  4:11  Extractor  
  46  4:12  Evolution Chamber, Drone x3  
  46  4:14  Drone x3  
  46  4:16  Roach  
  51  4:17  Evolution Chamber  
  51  4:21  Roach  
  52  4:25  Overlord x2  
  52  4:44  Zerg Ground Armor Level 1, Zerg Missile Weapons Level 1  
  52  4:45  Drone x3  
  55  4:47  Drone x2  
  55  4:48  Drone, Zergling x2  
  55  4:50  Extractor  
  58  5:00  Drone  
  58  5:01  Drone x5  
  58  5:03  Drone x3  
  67  5:14  Roach, Overlord  
  69  5:16  Glial Reconstitution  
  69  5:20  Drone  
  70  5:22  Hydralisk Den  
  70  5:26  Roach x3  
  72  5:30  Overseer  
  66  5:36  Roach x2  
  66  5:41  Roach  
  71  6:09  Overlord x3  
  71  6:14  Muscular Augments  
  71  6:15  Overlord x2, Hatchery  
  70  6:26  Queen  
  70  6:28  Hatchery  
  70  6:31  Roach x2  
  70  6:32  Roach x2  
  79  6:38  Drone x2  
  81  6:51  Drone  
  81  6:52  Drone x2  
  81  6:53  Roach x5  
  94  7:12  Hatchery  
  91  7:21  Roach, Hydralisk x2  
  91  7:22  Roach x2  
  101  7:25  Ravager x7  
  108  7:38  Drone  
  108  7:39  Spore Crawler  
  108  7:40  Overlord x4  
  108  7:45  Overlord x2  
  108  7:48  Extractor  
  108  7:49  Extractor  
  106  7:57  Queen  
  108  8:05  Infestation Pit  
  107  8:06  Zerg Ground Armor Level 2, Zerg Missile Weapons Level 2  
  107  8:09  Drone  
  107  8:10  Drone x5  
  113  8:13  Hydralisk  
  115  8:27  Pneumatized Carapace  
  115  8:29  Overseer  
  115  8:37  Drone x4  
  115  8:38  Drone  
  120  8:44  Hydralisk  
  120  8:45  Roach x2, Overlord, Drone x3, Hydralisk  
  120  8:46  Drone, Overlord  
  120  8:47  Pathogen Glands  
  132  8:55  Lurker Den  
  132  9:00  Drone  
  132  9:01  Drone x2  
  132  9:02  Extractor  
  134  9:03  Drone x3  
  134  9:05  Zergling x12, Extractor  
  134  9:07  Overlord  
  134  9:08  Overlord  
  142  9:13  Ravager  
  142  9:14  Ravager  
  144  9:21  Hydralisk x3  
  144  9:22  Hydralisk x3  
  156  9:24  Overlord  
  151  9:44  Extractor  
  127  10:07  Roach x2, Hydralisk x7  
  103  10:08  Roach x7, Hydralisk x4  
  103  10:09  Roach x2  
  147  10:20  Infestor  
  147  10:27  Hydralisk  
  147  10:28  Hydralisk x3  
  144  10:34  Ravager  
  132  10:54  Infestor x2  
  136  10:58  Hatchery  
  136  10:59  Hatchery  
  136  11:01  Lurker  
  136  11:03  Lurker  
  136  11:04  Zergling x2  
  136  11:05  Zergling x12  
  143  11:35  Ravager  
  143  11:36  Ravager x2  
  143  11:37  Hydralisk x2  
  143  11:38  Roach x2, Hydralisk x3  
  143  11:39  Roach x2  
  159  11:55  Roach x2, Hydralisk x3  
  159  11:56  Roach x3  
  175  12:04  Roach x2, Hydralisk  
  148  12:40  Hydralisk x3  
  148  12:41  Roach x6, Hydralisk x6  
  148  12:42  Roach x3  
  142  12:59  Drone x3  
  142  13:02  Drone x2  
  142  13:03  Zergling x2, Drone x2  
  150  13:11  Queen  
  152  13:14  Lurker x2, Extractor  
  152  13:15  Ravager x3  
  152  13:16  Ravager x3  
  155  13:38  Hydralisk x2  
  155  13:39  Roach x4, Hydralisk x3  
  155  13:40  Roach x2  
  177  13:42  Drone x3  
  177  13:53  Lurker x3  
  175  13:57  Drone x3  
  175  14:01  Drone  
  175  14:02  Extractor  
  178  14:03  Extractor  
  162  14:15  Overseer x3  
  160  14:29  Ravager x2, Hydralisk  
  160  14:30  Ravager x2, Roach x2, Hydralisk  
  160  14:31  Roach  
  122  15:16  Roach x2, Hydralisk x4  
  122  15:17  Roach x3  
  122  15:19  Lurker  
  122  15:20  Lurker, Hydralisk x4  
  122  15:21  Roach x6, Hydralisk  
  155  15:22  Roach  
  155  15:24  Queen  
  165  15:38  Drone  
  165  15:40  Drone x2  
  168  15:45  Hive  
  160  16:06  Lurker  
  161  16:12  Extractor x2  
  161  16:13  Overseer x2  
  161  16:15  Overlord x4  
  161  16:16  Hydralisk x3  
  161  16:17  Roach x4  
  112  16:51  Hydralisk  
  112  16:52  Roach x2, Hydralisk x7  
  112  16:53  Roach x7, Hydralisk x4  
  112  16:54  Roach x2  
  137  17:06  Drone x3  
  124  17:12  Hydralisk x2  
  124  17:13  Roach x3, Hydralisk  
  124  17:14  Ravager  
  124  17:15  Ravager x3  
  132  17:17  Ravager x4  
  126  17:24  Overseer  
  126  17:25  Overseer  
  114  17:42  Drone x3  
  113  17:53  Hydralisk x2  
  113  17:54  Roach x5, Hydralisk x2  
  131  18:04  Drone x2  
  133  18:08  Lurker  
  133  18:09  Zergling x2  
  133  18:10  Zergling x18  
  133  18:12  Hatchery  
  143  18:13  Extractor  
  142  18:26  Extractor  
  116  18:40  Roach x2, Hydralisk x4  
  116  18:41  Roach  
  130  18:52  Lurker  
  121  19:14  Lurker  
  117  19:30  Lurker  
  117  19:31  Lurker  
  103  19:58  Hydralisk x3  
  103  19:59  Roach x3  
  109  20:12  Hatchery  
  107  20:24  Hatchery  
  107  20:27  Hatchery  
  102  20:34  Hatchery  
  81  20:43  Lurker  
  81  20:48  Drone x3  
  85  20:52  Ultralisk Cavern  
  84  20:57  Ravager x2  
  84  20:59  Zergling x6  
  84  21:00  Zergling x12  
  95  21:19  Hydralisk  
  95  21:20  Roach x2  
  97  21:32  Hydralisk  
  95  21:33  Roach x2  
  95  21:38  Drone  
  81  21:55  Drone x2  
  81  21:56  Drone  
  81  21:58  Drone  
  79  22:03  Ravager x2  
  79  22:08  Extractor  
  80  22:13  Drone x2  
  82  22:17  Drone  
  82  22:22  Lurker  
  84  22:27  Zergling x18  
  57  22:58  Drone x2  
  57  22:59  Drone  
  57  23:00  Hydralisk  
  57  23:01  Roach, Hydralisk  
  39  23:19  Drone  
  41  23:20  Drone x2  
  41  23:21  Drone x2  
  42  23:29  Overseer  
  38  23:44  Extractor  
Show
View Real Time Build Order
Export as new Build Order

MrRageQuit Terran - Winner!

Build Orders: Reaper Expand, MMM Bio 

Get SALT Encoding   

  12  0:01  SCV  
  13  0:13  SCV  
  14  0:18  Supply Depot  
  14  0:25  SCV  
  15  0:40  SCV  
  15  0:42  Barracks  
  16  0:45  Refinery  
  16  0:52  SCV  
  17  1:04  SCV  
  18  1:16  SCV  
  19  1:31  Reaper  
  21  1:33  Orbital Command  
  20  1:40  Command Center  
  20  1:52  Refinery  
  20  2:01  SCV  
  21  2:03  Supply Depot  
  21  2:10  Barracks  
  21  2:14  SCV  
  22  2:16  Barracks Tech Lab  
  22  2:27  SCV  
  23  2:38  Marine, Stimpack  
  25  2:44  SCV  
  25  2:51  Factory  
  25  2:53  Orbital Command  
  25  2:56  Marine  
  25  2:57  Marine  
  27  3:02  SCV  
  28  3:14  Marine, SCV  
  28  3:15  Marine  
  31  3:26  SCV  
  32  3:27  SCV  
  32  3:31  Marine  
  32  3:33  Marine  
  35  3:36  Factory Reactor, Starport  
  35  3:39  SCV  
  35  3:40  SCV  
  37  3:43  Supply Depot  
  37  3:49  Marine  
  37  3:50  Marine  
  37  3:51  SCV  
  37  3:55  SCV  
  41  4:03  SCV  
  41  4:06  Supply Depot  
  41  4:07  Marine  
  41  4:08  Marine, SCV  
  45  4:14  Barracks  
  45  4:18  SCV  
  45  4:20  SCV  
  45  4:21  Medivac x2  
  45  4:23  Widow Mine  
  51  4:25  Marine  
  51  4:30  SCV  
  55  4:31  Supply Depot  
  55  4:32  SCV  
  55  4:33  Marine  
  57  4:38  Combat Shields  
  57  4:42  SCV  
  57  4:43  Marine  
  57  4:44  SCV  
  60  4:49  Refinery  
  60  4:51  Refinery  
  60  4:53  Supply Depot  
  60  4:54  SCV  
  61  5:00  Command Center  
  61  5:02  Marine  
  61  5:06  Marine  
  61  5:07  Marine, Barracks  
  63  5:10  SCV x2  
  66  5:17  Barracks  
  66  5:19  Marine, Widow Mine  
  69  5:24  Marine  
  68  5:30  Marauder  
  69  5:41  Marine  
  69  5:42  Marine  
  71  5:44  Medivac x2  
  73  5:52  Marauder  
  74  5:58  Marine x2  
  74  6:00  Marine  
  74  6:01  SCV  
  78  6:06  Supply Depot  
  78  6:10  Supply Depot x2  
  78  6:11  SCV  
  78  6:13  Marauder  
  78  6:15  Marine, Orbital Command  
  78  6:16  Marine, Barracks  
  78  6:17  Barracks  
  78  6:18  Marine x2  
  85  6:33  Marine  
  85  6:34  Marine, Marauder  
  85  6:36  Marine x2  
  85  6:37  Medivac x2  
  96  6:40  SCV  
  96  6:45  Engineering Bay  
  96  6:47  Engineering Bay  
  96  6:51  Marine  
  96  6:52  Armory  
  95  7:14  Marine x5  
  98  7:25  Marauder  
  100  7:33  Orbital Command  
  100  7:34  Marine  
  100  7:35  Marine  
  100  7:36  Marine  
  103  7:37  Barracks Tech Lab  
  103  7:38  Barracks Tech Lab x2  
  103  7:46  Marauder  
  103  7:48  Terran Infantry Weapons Level 1  
  103  7:50  Terran Infantry Armor Level 1  
  105  7:54  Marine  
  105  7:56  Factory Reactor  
  106  8:00  Marine x3, Marauder x2  
  106  8:02  SCV x2  
  115  8:07  Marine  
  115  8:11  SCV  
  115  8:12  Marine  
  118  8:13  Concussive Shells  
  118  8:14  SCV x2  
  118  8:18  Marine, Marauder  
  124  8:23  Supply Depot  
  124  8:24  Medivac x2, Marauder x2, Supply Depot, SCV  
  124  8:26  Supply Depot x3  
  133  8:28  Barracks Reactor  
  133  8:29  Marine  
  133  8:44  Marauder, SCV x2, Widow Mine x2  
  133  8:45  Marine, Barracks Reactor  
  133  8:46  Marauder x2  
  146  8:54  Medivac, Missile Turret x2  
  148  8:56  Missile Turret  
  148  8:57  Marine  
  149  9:06  Marauder, Marine x2  
  149  9:07  Marauder  
  149  9:08  SCV x3  
  158  9:17  Supply Depot x2  
  158  9:20  SCV  
  158  9:22  Marine x3  
  163  9:29  Command Center  
  155  9:52  Marauder x3  
  125  10:00  Marine x5, Marauder  
  119  10:10  Widow Mine x2  
  119  10:13  Marine, Marauder  
  119  10:14  Marauder  
  128  10:18  Marine x5  
  133  10:22  Marauder  
  133  10:32  Marauder  
  133  10:34  Marine x2  
  137  10:36  Marine x5  
  134  10:43  Marauder  
  134  10:45  Medivac x2  
  140  10:52  Widow Mine x2  
  140  10:53  Marauder x3, Marine  
  140  10:54  Marine x2  
  140  10:55  Marine x2  
  155  10:59  Terran Infantry Weapons Level 2  
  155  11:00  Terran Infantry Armor Level 2  
  156  11:11  Marine  
  156  11:14  Marauder x2  
  156  11:17  Planetary Fortress, Sensor Tower  
  163  11:18  Marauder  
  163  11:19  Marine  
  163  11:23  Sensor Tower  
  163  11:24  Marauder  
  163  11:25  Marine  
  166  11:30  Marine x2  
  166  11:31  Marine  
  169  11:34  Widow Mine x2  
  169  11:35  Marine, Marauder  
  169  11:36  Medivac, Marine  
  181  11:40  Marauder  
  180  11:55  Marine x3, Marauder x2  
  180  11:57  Marauder  
  189  12:09  Marine x2, Marauder  
  189  12:11  Barracks, Bunker x2, SCV  
  189  12:12  Marine, Barracks  
  195  12:16  Marauder x2  
  157  12:43  Marauder x4  
  144  12:48  Marine  
  144  12:49  Marine  
  143  12:55  Marine  
  143  12:56  Widow Mine x2  
  143  12:57  Medivac  
  150  12:58  Marine  
  150  12:59  Marine x3  
  150  13:00  SCV x3  
  150  13:01  Factory  
  150  13:04  Marine x3, Marauder  
  162  13:06  Marine x2  
  164  13:13  Marine  
  164  13:14  Medivac  
  164  13:16  Marine x3  
  170  13:22  Marauder x2  
  170  13:23  Marauder  
  171  13:32  Marauder  
  171  13:33  Marine  
  171  13:34  Marine x3, Widow Mine  
  173  13:35  Widow Mine  
  179  13:44  Marauder x3  
  184  13:53  Marine x3  
  184  13:54  Marauder, Medivac x2  
  191  14:05  Marauder x3  
  176  14:14  Marine x7  
  176  14:15  Marauder, Widow Mine x2  
  188  14:17  Factory Tech Lab  
  188  14:18  SCV  
  188  14:23  Command Center  
  189  14:26  Marauder x2  
  193  14:35  Marine x2, Marauder  
  193  14:37  Marauder  
  197  14:38  Marine  
  198  14:48  Marauder  
  189  15:03  Marauder x3, Marine x2  
  189  15:04  Marine x3  
  190  15:09  Marauder  
  169  15:19  Marine x2  
  166  15:21  Marine x4  
  166  15:22  Marine  
  166  15:25  Marauder x3  
  177  15:31  Marauder  
  177  15:34  Widow Mine x3  
  185  15:36  Marine  
  185  15:37  Marine, Missile Turret  
  185  15:38  Sensor Tower  
  185  15:39  Marine x5  
  185  15:41  Missile Turret  
  192  15:46  Marauder x3  
  198  15:51  Marine  
  198  15:54  Marine, SCV  
  189  16:05  Marine  
  189  16:07  Marauder x2, Marine  
  189  16:08  Marauder, Marine x2  
  189  16:10  Marine  
  176  16:41  Marauder x2  
  176  16:43  Marauder x2  
  176  16:44  Marine x4  
  176  16:45  Widow Mine x2  
  155  17:03  Marauder x2  
  155  17:04  Marauder x2  
  161  17:08  Marine  
  161  17:09  Marine  
  161  17:10  Marine x5  
  166  17:24  Marauder x2  
  169  17:49  Command Center  
  169  17:55  Marine x3, Marauder  
  169  17:56  Marauder, Marine x2  
  176  18:02  Marine x2, Marauder x2  
  182  18:17  Marauder  
  184  18:26  Marauder x2  
  166  18:35  Marine x2, Marauder  
  166  18:38  Marauder  
  170  18:41  Marine x4  
  170  18:42  Marine  
  170  18:47  Marine  
  170  18:48  Marauder  
  178  18:59  Marine x2  
  172  19:24  Marauder x2  
  174  19:34  Planetary Fortress  
  170  19:41  Marauder x2  
  170  19:45  Marauder  
  148  19:55  Marine  
  148  19:56  Marine x7  
  148  20:02  Marine x2  
  148  20:06  Marine  
  151  20:13  Marine  
  151  20:14  Marine x3  
  155  20:16  Marauder  
  155  20:18  Widow Mine x2  
  155  20:20  Marauder  
  157  20:42  Marine, Marauder x3  
  158  20:43  Marine x2  
  158  20:44  Marine x5  
  165  21:00  Marine  
  165  21:01  Marine x3, Widow Mine x2  
  165  21:02  Marine x2, Marauder, Widow Mine  
  179  21:10  Marauder x2  
  183  21:16  Marine, Marauder  
  183  21:17  Medivac x2, Marine  
  191  21:19  Marine x2  
  193  21:30  Orbital Command  
  193  21:31  Marine  
  190  21:59  SCV x2  
  190  22:00  SCV x3  
  192  22:02  Marauder x3  
  197  22:11  SCV  
  197  22:15  SCV x2  
  181  22:50  Marine  
  181  22:51  Marine x10  
  185  23:08  Marine x5  
  185  23:09  Marine x6  
Tags
 
Add a new tag
Caveats
  • Supply blocks, unpowered buildings, or Contaminate may cause inaccurate times.
  • Supply counts are checked every 10 seconds.